 Dungeon Crawl Stone Soup version 0.27.1-33-g824d729ab1 (webtiles) character file.

Game seed: 10115680954879020475

311 Fortus the Slasher (level 6, -5/47 HPs)
             Began as a Demonspawn Fighter on Dec 12, 2021.
             Was a Follower of Yredelemnul.
             Slain by a scorpion (6 damage)
             ... on level 4 of the Dungeon.
             The game lasted 00:06:33 (3599 turns).

Fortus the Slasher (Demonspawn Fighter)             Turns: 3599, Time: 00:06:33

Health: -5/47      AC:  6    Str: 18    XL:     6   Next: 18%
Magic:  6/6        EV:  9    Int:  9    God:    Yredelemnul [*.....]
Gold:   110        SH:  5    Dex: 19    Spells: 5/5 levels left

rFire    . . .     SeeInvis .   a - +0 long sword
rCold    . . .     Faith    .   g - +0 buckler
rNeg     . . .     Spirit   .   b - +0 scale mail
rPois    .         Reflect  .   (helmet restricted)
rElec    .         Harm     .   (no cloak)
rCorr    .         Rampage  .   (no gloves)
Will     .....                  (no boots)
Stlth    ..........             (no amulet)
HPRegen  1.15/turn              s - +6 ring of dexterity
MPRegen  0.10/turn              (no ring)

@: lethally poisoned (-5 -> -5)
A: antennae 1, claws 1, talons 1, powered by death 1
a: Renounce Religion, Animate Remains


You were on level 4 of the Dungeon.
You worshipped Yredelemnul.
Yredelemnul was aware of your devotion.
You visited 1 branch of the dungeon, and saw 4 of its levels.

You collected 110 gold pieces.

Inventory:

Hand Weapons
 a - a +0 long sword (weapon)
Armour
 b - a +0 scale mail (worn)
 c - a +0 kite shield
 g - a +0 buckler (worn)
Jewellery
 s - a +6 ring of dexterity (left claw)
Scrolls
 e - a scroll of immolation {unknown}
 f - a scroll of teleportation {unknown}
 h - a scroll of fog {unknown}
 i - a scroll of noise {unknown}
 j - a scroll of amnesia {unknown}
 k - a scroll of blinking {unknown}
 l - 4 scrolls of magic mapping {unknown}
 m - 2 scrolls of identify {unknown}
 o - 2 scrolls of enchant weapon {unknown}
 q - a scroll of silence {unknown}
 r - a scroll of vulnerability {unknown}
Potions
 d - a potion of might
 n - a potion of haste {unknown}
 p - a potion of heal wounds {unknown}
 t - a potion of curing {unknown}


   Skills:
 - Level 3.0 Fighting
 + Level 6.0 Long Blades
 - Level 2.6 Armour
 - Level 2.6 Shields


You had 5 spell levels left.
You didn't know any spells.
Your spell library contained the following spells:

 Spells                   Type           Power      Damage    Failure   Level
 Sublimation of Blood     Necr           0%         N/A       93%         2
 Petrify                  Tmut/Erth      0%         N/A       100%        4
 Irradiate                Conj/Tmut      0%         3d13      100%        5


Dungeon Overview and Level Annotations

Branches:
Dungeon (4/15)
 Temple: D:4-7

Altars:
Yredelemnul
Zin


Innate Abilities, Weirdness & Mutations

You have a pair of small antennae on your head.
You have sharp fingernails.
You have sharp toenails.
You regenerate a little health from kills.


Message History

You feel sick. You block the scorpion's attack. The hobgoblin hits you.
You closely miss the scorpion.
You claw the scorpion, but do no damage.
The scorpion is moderately wounded.
You feel sick.
The scorpion stings you but does no damage.
You block the hobgoblin's attack. The scorpion stings you.
You are more poisoned.
The scorpion poisons you!
Your scale mail prevents you from hitting the scorpion.
The scorpion is moderately wounded.
You feel very sick. The hobgoblin closely misses you.
You riposte.
You hit the hobgoblin. You claw the hobgoblin.
You kill the hobgoblin!
Yredelemnul accepts your kill. The scorpion stings you!
* * * LOW HITPOINT WARNING * * *
You hit the scorpion but do no damage.
You claw the scorpion, but do no damage.
The scorpion is moderately wounded.
You feel very sick.
The scorpion barely misses you. x2; You riposte.
You slash the scorpion! You claw the scorpion.
The scorpion is almost dead.
You closely miss the scorpion.
The scorpion is almost dead.
You feel very sick. The scorpion stings you.
* * * LOW HITPOINT WARNING * * *
Unknown command.
You hit the scorpion but do no damage. Your kick misses the scorpion.
The scorpion is almost dead.
* * * LOW HITPOINT WARNING * * *
You feel sick. The scorpion closely misses you.
You hit the scorpion but do no damage. You claw the scorpion.
The scorpion is almost dead.
You feel sick. The scorpion stings you.
You die...
Your body rises from the dead as a mindless zombie.

###########.###.#
#....##.....# #.##########
#.....†...### #.##.......#
#.........# #.##.......#
#.........# #..'........
#.........# ####.......#
#....##.##########.......#
#....##.........##.......#
#####....@......#######...
#.##.s†.....# #.##
#...........# #.#.
............. ....
............... #..)
....##.#....... #.. ....
#.#.###### #.. ... .. .# .


You could see a scorpion.

Vanquished Creatures
  An ogre (D:4)
  A phantom (D:2)
  An orc wizard (D:3)
  4 adders
  3 gnolls (D:2)
  An ufetubus (D:3)
  A dart slug (D:3)
  2 bats
  8 endoplasms
  2 giant cockroaches (D:2)
  7 hobgoblins
  2 jackals (D:1)
  4 quokkas
  5 ball pythons
  5 frilled lizards
  6 goblins
  5 kobolds
  4 rats
62 creatures vanquished.

Notes
Turn   | Place    | Note
-------+----------+-------------------------------------------
     0 | D:1      | Fortus the Demonspawn Fighter began the quest for the Orb.
     0 | D:1      | Reached XP level 1. HP: 18/18 MP: 1/1
    39 | D:1      | Reached skill level 2 in Long Blades
   486 | D:1      | Gained mutation: You have sharp fingernails. [demonic
                  | ancestry]
   486 | D:1      | Reached XP level 2. HP: 24/24 MP: 2/2
   816 | D:1      | Reached skill level 3 in Long Blades
  1002 | D:1      | Gained mutation: You have a pair of small antennae on your
                  | head. [demonic ancestry]
  1002 | D:1      | Reached XP level 3. HP: 27/29 MP: 3/3
  1804 | D:2      | Gained mutation: You have sharp toenails. [demonic
                  | ancestry]
  1804 | D:2      | Reached XP level 4. HP: 32/35 MP: 4/4
  1834 | D:2      | Reached skill level 4 in Long Blades
  1962 | D:2      | Noticed a phantom
  1971 | D:2      | Killed a phantom
  1972 | D:2      | Gained mutation: You regenerate a little health from kills.
                  | [demonic ancestry]
  1972 | D:2      | Reached XP level 5. HP: 25/41 MP: 5/5
  2644 | D:3      | Reached skill level 5 in Long Blades
  2860 | D:3      | Found a faded altar of an unknown god.
  2870 | D:3      | Became a worshipper of Yredelemnul the Dark
  2870 | D:3      | Reached * piety under Yredelemnul
  3444 | D:4      | Noticed an ogre
  3459 | D:4      | Killed an ogre
  3460 | D:4      | Reached skill level 6 in Long Blades
  3460 | D:4      | Reached XP level 6. HP: 31/47 MP: 6/6
  3597 | D:4      | HP: 2/47 [scorpion (3)]
  3599 | D:4      | Slain by a scorpion

Illustrated notes

Levels and vault maps discovered:
D:1:      saegor_arrival_simple_e, layout_loops_ring, minmay_tetromino_l2
D:2:      layout_basic
D:3:      layout_basic, zin_treasury, hellmonk_ecumenical_altar_prayer_group,
          grunt_ministairs_2, minmay_ruptured
D:4:      layout_basic, uniq_blork_the_orc, uniq_ijyb

Skill      XL: |  1  2  3  4  5 |
---------------+----------------+-----
Long Blades    | 2 3 4 6 |  6.0
Fighting       | |  3.0
Armour         | |  2.6
Shields        | |  2.6

Action                   |  1- 3 |  4- 6 || total
-------------------------+-------+-------++-------
Melee: Long sword        |   128 |    68 ||   196
       Kick              |       |    33 ||    33
Armor: Scale mail        |    48 |    30 ||    78
Dodge: Dodged            |    46 |    31 ||    77
Block: Kite shield       |    37 |       ||    37
       Buckler           |    17 |    18 ||    35
       Rpst.: Long sword |    11 |    15 ||    26
